 Dungeon Crawl Stone Soup version 0.29-a0-284-gf9362112df (webtiles) character file.

Game seed: 11611741446891776357

3908 jmlagarto the Thaumaturge (level 10, -2/44 HPs)
             Began as a Spriggan Earth Elementalist on Mar 14, 2022.
             Was a Plaything of Xom.
             Slain by a cyclops (19 damage)
             ... on level 7 of the Dungeon.
             The game lasted 00:22:09 (6753 turns).

jmlagarto the Thaumaturge (SpEE)                    Turns: 6753, Time: 00:22:11

Health: -2/44      AC:  6    Str:  4    XL:     10   Next: 1%
Magic:  11/26      EV: 19    Int: 22    God:    Xom [....*.]
Gold:   273        SH:  0    Dex: 11    Spells: 26/32 levels left

rFire   . . .      SeeInvis +   p - staff of earth
rCold   . . .      Faith    +   (shield currently unavailable)
rNeg    . . .      Spirit   .   b - +0 robe
rPois   .          Reflect  .   k - +2 hat
rElec   .          Harm     .   (no cloak)
rCorr   .          Rampage  .   (gloves unavailable)
Will    +....                   (boots unavailable)
Stlth   ++........              d - amulet of faith
HPRegen 0.14/turn               y - +4 ring of slaying
MPRegen 0.20/turn               (no ring)

@: very quick
A: very small, no large weapons, unfitting armour, see invisible, speed 3,
iridescent scales 1, clumsy 2, deterioration 1, mutation resistance 2,
MP-powered wands
a: Renounce Religion


You were on level 7 of the Dungeon.
You worshipped Xom.
You were a beloved toy of Xom.
You visited 1 branch of the dungeon, and saw 7 of its levels.

You collected 273 gold pieces.

Inventory:

Hand Weapons
 e - the +8 frozen axe "Frostbite" {freezing cloud, *Noise Fly rC+}
   (Xom gifted it to you on level 5 of the Dungeon)

   It freezes those it strikes, dealing additional cold damage.
   It can also slow down cold-blooded creatures.
   It occasionally leaves clouds of freezing vapour upon striking a foe.
   It grants immunity to clouds of freezing vapour.
   rC:        It protects you from cold.
   Fly:       It grants you flight.
   *Noise:    It may make noises in combat.
 t - a +1 trident of protection
 J - the +10 falchion of Watchfulness {pain, Will+ Int+3}
   (You found it on level 6 of the Dungeon)

   In the hands of one skilled in necromantic magic, it inflicts extra damage on
   living creatures.
   Int:       It affects your intelligence (+3).
   Will:      It increases your willpower.
Missiles
 a - 30 stones
 n - 19 poisoned darts
Armour
 b - a +0 robe (worn)
 k - a +2 hat (worn)
Magical Staves
 p - a staff of earth (weapon)
 G - a staff of poison
 I - a staff of air
Jewellery
 d - an amulet of faith (around neck)
 y - a +4 ring of slaying (left hand)
 B - an amulet of guardian spirit
 H - a ring of magical power
Wands
 l - a wand of iceblast (5)
 v - a wand of paralysis (2)
 A - a wand of charming (10)
 C - a wand of flame (11)
Scrolls
 g - a scroll of noise {unknown}
 h - 7 scrolls of enchant weapon
 m - 2 scrolls of teleportation
 o - a scroll of fog {unknown}
 q - 2 scrolls of immolation
 s - 2 scrolls of blinking {unknown}
 u - a scroll of amnesia {unknown}
 D - a scroll of enchant armour {unknown}
 F - a scroll of fear
Potions
 c - a potion of magic
 f - 2 potions of berserk rage
 i - 2 potions of invisibility
 j - a potion of lignification {unknown}
 r - 2 potions of mutation
 w - a potion of haste {unknown}
 x - 2 potions of curing
 z - a potion of attraction {unknown}


   Skills:
 * Level 6.4 Dodging
 + Level 4.0 Stealth
 * Level 11.9 Spellcasting
 + Level 0.6 Conjurations
 + Level 1.4 Transmutations
 * Level 8.6 Earth Magic
 + Level 3.7 Evocations


You had 26 spell levels left.
You knew the following spells:

 Your Spells              Type           Power      Damage    Failure   Level
a - Sandblast             Erth           100%       2d20      1%          1
b - Passwall              Tmut/Erth      42%        N/A       1%          2
c - Stone Arrow           Conj/Erth      100%       3d13      2%          3

Your spell library contained the following spells:

 Spells                   Type           Power      Damage    Failure   Level
 Beastly Appendage        Tmut           38%        N/A       2%          1
 Animate Skeleton         Necr           26%        N/A       4%          1
 Apportation              Tloc           26%        N/A       4%          1
 Pain                     Necr           52%        1d6       4%          1
 Wereblood                Tmut           19%        N/A       4%          2
 Petrify                  Tmut/Erth      51%        N/A       6%          4
 Static Discharge         Conj/Air       14%        N/A       7%          2
 Sublimation of Blood     Necr           13%        N/A       8%          2
 Spider Form              Tmut/Pois      16%        N/A       11%         3
 Confusing Touch          Hex            13%        N/A       16%         3
 Summon Guardian Golem    Hex/Summ       13%        N/A       16%         3
 Vampiric Draining        Necr           13%        2d6       16%         3
 Sticky Flame             Conj/Fire      14%        2d4       41%         4
 Dispel Undead            Necr           13%        3d9       45%         4
 Irradiate                Conj/Tmut      8%         3d16      65%         5
 Alistair's Intoxication  Tmut/Pois      10%        N/A       71%         5
 Yara's Violent Unravell  Hex/Tmut       8%         3d5       71%         5
 Enfeeble                 Hex            6%         N/A       100%        7
 Orb of Destruction       Conj           8%         9d6       100%        7
 Spellforged Servitor     Conj/Summ      7%         N/A       100%        7


Dungeon Overview and Level Annotations

Branches:
Dungeon (7/15)             Temple (0/1) D:5

Altars:
Dithmenos
Xom

Shops:
D:1 ?   D:4 !


Innate Abilities, Weirdness & Mutations

You are very small and have problems with some larger weapons.
You are too small for most types of armour.
You have supernaturally acute eyesight. (SInv)
You cover ground extremely quickly. (Speed+++)
You are partially covered in iridescent scales. (AC +2)
You are very clumsy. (Dex -4)
Your body sometimes deteriorates upon taking damage.
You are somewhat resistant to both further mutation and mutation removal.
You expend magic power (3 MP) to strengthen your wands.


Message History

Aiming: Sandblast (safe; 1% risk of failure)
Press: ? - help, Shift-Dir - straight line, f/p - ice beast
Aim: an ice beast (lightly wounded, 84% to hit)
You feel a surge of power!
The blast of sand hits the ice beast.
The ice beast is moderately wounded.
Casting: Sandblast (safe; 1% risk of failure)
Confirm with . or Enter, or press ? or * to list all spells.
Aiming: Sandblast (safe; 1% risk of failure)
Press: ? - help, Shift-Dir - straight line, f/p - ice beast
Aim: an ice beast (moderately wounded, 84% to hit)
You feel a surge of power!
The blast of sand hits the ice beast but does no damage.
The ice beast is moderately wounded.
The ice beast misses you.
Aiming: Paralyse
Press: ? - help, Shift-Dir - straight line, f - cyclops, p - ice beast
Aim: a cyclops, quivering large rocks (chance to affect: 47%)
You feel a surge of power!
The cyclops resists with some effort.
The ice beast closely misses you.
Aiming: Throw Flame
Press: ? - help, Shift-Dir - straight line, f/p - cyclops
Aim: a cyclops, quivering large rocks (98% to hit)
Okay, then.
Aiming: Paralyse
Press: ? - help, Shift-Dir - straight line, f/p - cyclops
Aim: a cyclops, quivering large rocks (chance to affect: 47%)
You feel a surge of power!
The cyclops resists with some effort.
The ice beast misses you.
Aiming: Paralyse
Press: ? - help, Shift-Dir - straight line, f/p - cyclops
Aim: a cyclops, quivering large rocks (chance to affect: 47%)
You feel a surge of power!
The cyclops resists with some effort.
The ice beast completely misses you.
Aiming: Paralyse
Press: ? - help, Shift-Dir - straight line, f/p - cyclops
Aim: a cyclops, quivering large rocks (chance to affect: 47%)
You feel a surge of power!
The cyclops resists with some effort.
The ice beast misses you. The cyclops hits you!!
You die...
Xom giggles madly!

##### #^..# ..... #...#
... #...# ###...
###...# #.....5 #.....#
#..###5### #...###
##..##..K..#
######.....#
#.Y####...###
...........#
#@###)##.##.#
######.....##
#C#.##.#.#.## #####..#
#.#..##...##..# ###
##.## #....)..C........
..#
##..###.#..##...##..##.
..# #.......#.##.#.#.#
.# ..#
###...))..###.##.##[# #
### #..[.......### ...
## #.......)#..## ....


You could see a cyclops and an ice beast.

Vanquished Creatures
  A hydra (D:7)
  A boulder beetle (D:7)
  A two-headed ogre (D:7)
  Pikel (D:7)
  Prince Ribbit (D:5)
  2 ice beasts (D:7)
  A sky beast (D:7)
  A swamp drake (D:7)
  2 black bears
  An ogre (D:5)
  2 lemures (D:7)
  A phantom (D:6)
  5 bullfrogs
  2 scorpions (D:7)
  A wight (D:7)
  2 killer bees (D:7)
  3 jellies
  An iguana (D:5)
  2 hounds
  Terence (D:3)
  4 adders
  A white imp (D:7)
  An ufetubus (D:5)
  A worm (D:3)
  2 dart slugs
  13 orcs
  3 bats
  3 endoplasms (D:4)
  4 giant cockroaches
  5 goblins
  A hobgoblin (D:4)
  4 jackals
  3 quokkas
  6 ball pythons
  4 frilled lizards
  5 kobolds
  2 rats (D:1)
  A spectral hobgoblin (D:2)
95 creatures vanquished.

Vanquished Creatures (others)
  An ufetubus (D:6)
  4 plants (D:4)
5 creatures vanquished.

Grand Total: 100 creatures vanquished

Notes
Turn   | Place    | Note
-------+----------+-------------------------------------------
     0 | D:1      | jmlagarto the Spriggan Earth Elementalist began the quest
                  | for the Orb.
     0 | D:1      | Reached XP level 1. HP: 9/9 MP: 5/5
    26 | D:1      | Found Emennir's Magic Scroll Boutique.
   361 | D:1      | Reached XP level 2. HP: 13/13 MP: 1/6
   445 | D:1      | Reached skill level 3 in Spellcasting
  1354 | D:2      | Found a faded altar of an unknown god.
  1360 | D:2      | Prayed at the altar of an unknown god.
  1360 | D:2      | Became a worshipper of Xom of Chaos
  1532 | D:2      | Learned a level 2 spell: Passwall
  1633 | D:3      | XOM: silly message
  1720 | D:3      | Found a shadowy altar of Dithmenos.
  1753 | D:3      | XOM: summons 4 hostile shadow creatures
  1765 | D:3      | XOM: silly message
  1925 | D:3      | Noticed a bullfrog
  1929 | D:3      | Noticed Terence
  1938 | D:3      | Xom revived you
  1941 | D:3      | XOM: noise
  1944 | D:3      | Killed Terence
  1945 | D:3      | Reached XP level 3. HP: 1/16 MP: 1/9
  1948 | D:3      | Killed a bullfrog
  1949 | D:3      | Reached skill level 4 in Spellcasting
  1949 | D:3      | Reached XP level 4. HP: 2/21 MP: 1/11
  1958 | D:3      | XOM: silly message
  2503 | D:4      | Found Vempiura's Distillery.
  2576 | D:4      | Reached XP level 5. HP: 20/24 MP: 4/12
  2586 | D:4      | Reached skill level 1 in Evocations
  2691 | D:4      | Reached skill level 5 in Spellcasting
  3234 | D:5      | Entered Level 5 of the Dungeon
  3234 | D:5      | Noticed a black bear
  3237 | D:5      | XOM: noise
  3247 | D:5      | Killed a black bear
  3248 | D:5      | Reached XP level 6. HP: 28/28 MP: 9/15
  3274 | D:5      | XOM: silly message
  3316 | D:5      | XOM: divination: detect creatures
  3562 | D:5      | Found a staircase to the Ecumenical Temple.
  3563 | D:5      | XOM: god gift: +8 frozen axe "Frostbite" {freezing cloud,
                  | *Noise Fly rC+}
  3564 | D:5      | Found the +8 frozen axe "Frostbite" {freezing cloud, *Noise
                  | Fly rC+}
  3756 | D:5      | XOM: 2-stop teleportation journey
  3851 | D:5      | XOM: divination: detect creatures
  3959 | D:5      | Noticed Prince Ribbit
  3971 | D:5      | XOM: summons friendly iron imp
  3972 | D:5      | XOM: butterfly on damage
  3982 | D:5      | Killed Prince Ribbit
  3983 | D:5      | Reached skill level 6 in Spellcasting
  3983 | D:5      | Reached skill level 5 in Earth Magic
  3983 | D:5      | Reached XP level 7. HP: 13/32 MP: 12/18
  4121 | D:5      | Reached skill level 7 in Spellcasting
  4259 | D:5      | XOM: enchant monster (good)
  4477 | D:5      | XOM: give mutations
  4477 | D:5      | Gained mutation: You are clumsy. (Dex -2) [Xom's mischief]
  4477 | D:5      | Gained mutation: You are very clumsy. (Dex -4) [Xom's
                  | mischief]
  4477 | D:5      | Gained mutation: Your body sometimes deteriorates upon
                  | taking damage. [Xom's mischief]
  4593 | D:5      | XOM: summons 3 hostile shadow creatures
  4785 | D:5      | XOM: divination: magic mapping
  4800 | D:5      | XOM: give mutations
  4800 | D:5      | Gained mutation: You are somewhat resistant to further
                  | mutation. [Xom's grace]
  4800 | D:5      | Gained mutation: You expend magic power (3 MP) to
                  | strengthen your wands. [Xom's grace]
  4832 | D:5      | XOM: god gift: staff of earth
  4902 | D:5      | XOM is BORED!
  4902 | D:5      | XOM: torment (17/32 hp)
  5128 | D:6      | XOM: god gift: 17 gold pieces
  5174 | D:6      | Learned a level 3 spell: Stone Arrow
  5274 | D:6      | XOM: cloud trail
  5300 | D:6      | XOM: destruction
  5321 | D:6      | XOM: torment (17/32 hp)
  5459 | D:6      | XOM: give mutations
  5459 | D:6      | Gained mutation: You are somewhat resistant to both further
                  | mutation and mutation removal. [Xom's grace]
  5459 | D:6      | Gained mutation: You are partially covered in iridescent
                  | scales. (AC +2) [Xom's grace]
  5647 | D:6      | XOM: fog
  5793 | D:6      | Reached skill level 8 in Spellcasting
  5853 | D:6      | Identified the +10 falchion of Watchfulness {pain, Will+
                  | Int+3}
  5952 | D:7      | Noticed an eight-headed hydra
  5954 | D:7      | XOM: enchant monster (good)
  5957 | D:7      | Killed an eight-headed hydra
  5958 | D:7      | Reached skill level 9 in Spellcasting
  5958 | D:7      | Reached XP level 8. HP: 36/36 MP: 16/22
  5999 | D:7      | XOM: polymorph centaur -> swamp drake
  6008 | D:7      | Noticed a kobold demonologist
  6143 | D:6      | XOM: cloud trail
  6213 | D:6      | XOM: scenery: 1 doors close
  6283 | D:7      | Reached skill level 10 in Spellcasting
  6283 | D:7      | Reached XP level 9. HP: 39/39 MP: 16/24
  6305 | D:7      | XOM: divination: detect items
  6384 | D:7      | Noticed a two-headed ogre
  6387 | D:7      | Noticed a boulder beetle
  6396 | D:7      | Killed a two-headed ogre
  6397 | D:7      | Reached skill level 5 in Dodging
  6405 | D:7      | XOM: smoke on damage
  6409 | D:7      | XOM: destruction
  6417 | D:7      | XOM: destruction
  6418 | D:7      | XOM: confuse monster(s)
  6429 | D:7      | Killed a boulder beetle
  6430 | D:7      | Reached skill level 11 in Spellcasting
  6615 | D:7      | XOM: god gift: robe {god gift}
  6645 | D:7      | XOM: cast spell 'Olgreb's Toxic Radiance'
  6647 | D:7      | Noticed Pikel
  6663 | D:7      | Killed Pikel
  6664 | D:7      | Reached XP level 10. HP: 27/44 MP: 8/26
  6736 | D:7      | Noticed a cyclops
  6753 | D:7      | Slain by a cyclops

Illustrated notes

Levels and vault maps discovered:
D:1:      mainiacjoe_arrival_reflecting_pool, layout_loops_ring, serial_shops,
          nicolae_shop_waterfront, minmay_indecisive_spiral
D:2:      layout_loops_cross, dreamdust_ecumenical_altar_drowned_temple,
          serial_bayou_pond_c, nrook_campfire, minmay_misc_feat_ornament
D:3:      layout_rooms, grunt_dithmenos_smoke, uniq_terence
D:4:      corexii_shack_village, layout_rooms, serial_shops, nicolae_square_shop
D:5:      layout_loops_corners, minmay_temple_entry_wispy,
          kennysheep_cross_room, kennysheep_cluttered_room,
          minmay_misc_feat_nine_boxes, uniq_prince_ribbit1
D:6:      layout_basic
D:7:      minmay_the_grid_octo_2x2 [minmay_the_grid_octo_clover,
          minmay_the_grid_octo_focus, minmay_the_grid_octo_clover_2,
          minmay_the_grid_octo_prize_square_snowflake], layout_basic, uniq_pikel

Skill      XL: |  1  2  3  4  5  6  7  8  9 |
---------------+----------------------------+-----
Earth Magic    | 3 4 5 6 7 8 |  8.6
Spellcasting   | 3 4 5 6 9 10 11 | 11.9
Dodging        | 3 4 6 |  6.4
Evocations     | 1 2 3 |  3.7
Stealth        | 4 |  4.0
Conjurations   | |  0.6
Transmutations | |  1.4

Action                   |  1- 3 |  4- 6 |  7- 9 | 10-12 || total
-------------------------+-------+-------+-------+-------++-------
Melee: Unarmed           |     3 |       |       |       ||     3
 Cast: Sandblast         |    42 |    67 |    51 |     3 ||   163
       Passwall          |     1 |       |       |       ||     1
       Stone Arrow       |       |       |    17 |       ||    17
Evoke: Wand              |     3 |     1 |    26 |     4 ||    34
  Use: Scroll            |     1 |     2 |     5 |       ||     8
Armor: Robe              |     4 |     2 |       |       ||     6
Dodge: Dodged            |    24 |     7 |    20 |     5 ||    56

Table legend: (Time is in decaauts)
 A = Elapsed time spent in this place.
 B = Non-inter-level travel time spent in this place.
 C = Inter-level travel time spent in this place.
 D = Time resting spent in this place.
 E = Time spent auto-exploring this place.
 F = Levels seen in this place.
 G = Mean time per level.
                   A        B        C        D        E       F      G
               +--------+--------+--------+--------+--------+-----+--------+
         Total |   5196 |   5064 |    132 |      0 |   4377 |   7 |  742.3 |
       Dungeon |   5196 |   5064 |    132 |      0 |   4377 |   7 |  742.3 |
               +--------+--------+--------+--------+--------+-----+--------+

Top non-repeatable levels by time:
     D:5: 1470 daAuts
     D:6: 824 daAuts
     D:3: 724 daAuts
     D:4: 590 daAuts
     D:1: 554 daAuts
     D:2: 536 daAuts
     D:7: 497 daAuts
